 Dungeon Crawl Stone Soup version 0.30.0-10-gfe55d96785 (webtiles) character file.

Game seed: 12546444709430697999

(classic levelgen) 40196 shadowrider38 the Eclecticist (level 14, -5/104 HPs)
             Began as a Meteoran Earth Elementalist on May 14, 2023.
             Was a High Priest of Cheibriados.
             Slain by a nagaraja
             ... wielding a +0 flail
              (21 damage)
             ... on level 4 of the Snake Pit on May 15, 2023.
             The game lasted 00:38:02 (4044 turns).

shadowrider38 the Eclecticist (MeEE)                Turns: 4044, Time: 00:38:03

Health: -5/104     AC: 10    Str: 23    XL:     14   Next: 83%
Magic:  5/34       EV: 21    Int: 44    God:    Cheibriados [*****.]
Gold:   513        SH:  0    Dex: 28    Spells: 20/43 levels left

rFire   . . .        a - +4 long sword (freeze)
rCold   . . .        (no shield)
rNeg    . . .        A - +2 robe {Will+}
rPois   +            (no helmet)
rElec   .            J - +0 cloak
rCorr   .            g - +2 pair of gloves
SInv    .            i - +1 pair of boots
Will    ++...        (no amulet)
Stlth   +            o - ring of poison resistance
HPRegen 0.37/turn    G - +6 ring of intelligence
MPRegen 0.24/turn

%: no passive effects
@: glowing, constricted, very slow
A: sense surroundings 2, otherworldly, glowing, explore regen
a: Renounce Religion, Bend Time, Temporal Distortion, Slouch, Step From Time


You were on level 4 of the Snake Pit.
You worshipped Cheibriados.
Cheibriados was extremely pleased with you.
You visited 4 branches of the dungeon, and saw 20 of its levels.
You also visited: Sewer.

You collected 513 gold pieces.

Inventory:

Hand Weapons
 a - a +4 long sword of freezing (weapon)
 p - a +0 short sword
 q - a +2 dagger of protection
 x - a +2 dagger of venom
 y - a +1 dagger of venom
 K - a +3 scimitar of electrocution
 R - the +1 dagger of the Crafting Sybil {flame, Stlth+}
   (You found it on level 2 of the Snake Pit)

   Stlth:     It makes you more stealthy.
Missiles
 F - 6 curare-tipped darts
Armour
 g - a +2 pair of gloves (worn)
 i - a +1 pair of boots (worn)
 A - a +2 robe of willpower (worn)
 I - a +0 pair of gloves of stealth
 J - a +0 cloak (worn)
Magical Staves
 n - a staff of fire
Jewellery
 h - a ring of ice
 o - a ring of poison resistance (left hand)
 G - a +6 ring of intelligence (right hand)
Wands
 d - a wand of polymorph (6)
 e - a wand of mindburst (9)
 s - a wand of roots (4)
 D - a wand of digging (3)
 P - a wand of paralysis (26)
 V - a wand of flame (7)
Scrolls
 c - 3 scrolls of enchant weapon
 f - a scroll of torment {unknown}
 k - 2 scrolls of amnesia
 l - a scroll of noise
 v - a scroll of summoning {unknown}
 B - a scroll of poison {unknown}
 C - 2 scrolls of vulnerability
 L - a scroll of fear
 M - a scroll of silence {unknown}
 N - a scroll of blinking {unknown}
 O - a scroll of magic mapping {unknown}
 T - 4 scrolls of teleportation
Potions
 b - 5 potions of magic
 j - 2 potions of flight {unknown}
 m - a potion of berserk rage {unknown}
 r - 4 potions of attraction
 t - 2 potions of invisibility
 u - 2 potions of resistance
 w - a potion of brilliance
 z - 7 potions of heal wounds {unknown}
 E - a potion of might
 H - 2 potions of haste
 Q - 5 potions of curing
Miscellaneous
 U - a phial of floods


   Skills:
 - Level 4.0 Fighting
 - Level 12.0 Dodging
 - Level 1.7 Stealth
 - Level 15.0 Spellcasting
 - Level 4.0 Conjurations
 - Level 8.0 Necromancy
 - Level 4.0 Transmutations
 + Level 12.2 Ice Magic
 - Level 8.0 Earth Magic
 + Level 9.0 Invocations


You had 20 spell levels left.
You knew the following spells:

 Your Spells              Type           Power      Damage    Failure   Level
a - Sandblast             Erth           100%       2d20      1%          1
b - Stone Arrow           Conj/Erth      100%       3d13      1%          3
c - Passwall              Tmut/Erth      60%        N/A       1%          2
d - Simulacrum            Ice/Necr       44%        N/A       1%          6
h - Ozocubu's Refrigerat  Ice            48%        4d18      4%          7
p - Petrify               Tmut/Erth      72%        N/A       1%          4

Your spell library contained the following spells:

 Spells                   Type           Power      Damage    Failure   Level
 Polar Vortex             Ice            48%        N/A       99%         9


Dungeon Overview and Level Annotations

Branches:
Dungeon (10/15) Zot: 5757  Temple (1/1) D:7 Zot: 846    Lair (5/5) D:9 Zot: 2645
  Snake (4/4) Lair:2 Zot: 3040   Sewer (visited)
  Swamp: Lair:2-3    Shoals: Lair:2-3     Slime: Lair:4-5       Orc: D:9-12

Altars:
Ashenzari
Cheibriados
Hepliaklqana
Nemelex Xobeh
Ru
Trog
Vehumet
Wu Jian
Xom
Yredelemnul
Zin

Annotations:
D:5 Dowan, Duvessa
Lair:5 Panli's ghost, journeyman CeHs
Snake:1 exclusion: downstairs
Snake:2 Saint Roka


Innate Abilities, Weirdness & Mutations

You passively map the area around you.
You are easily found by Zot.
You glow in the dark.
You regain HP and MP as you explore.


Message History

Confirm with . or Enter, or press ? or * to list all spells.
The heat is drained from your surroundings.
The nagaraja is moderately wounded.
You feel sick.
The nagaraja hits something with a +0 flail!!
The nagaraja grabs something.
The nagaraja constricts something.
Aiming: Stone Arrow (safe; 1% risk of failure)
Press: ? - help, Q - select action, (/) - cycle Shift-Dir - straight line, f/p - nagaraja
Aim: a nagaraja, wielding a +0 flail and wearing a +0 robe (moderately wounded, fast, simulacrum, 78% to hit)
The stone arrow misses the nagaraja.
You feel sick.
Aiming: Stone Arrow (safe; 1% risk of failure)
Press: ? - help, Q - select action, (/) - cycle Shift-Dir - straight line, f/p - nagaraja
Aim: a nagaraja, wielding a +0 flail and wearing a +0 robe (moderately wounded, fast, simulacrum, 78% to hit)
The stone arrow hits the nagaraja!!
The nagaraja is heavily wounded.
You feel sick.
Aiming: Stone Arrow (safe; 1% risk of failure)
Press: ? - help, Q - select action, (/) - cycle Shift-Dir - straight line, f/p - nagaraja
Aim: a nagaraja, wielding a +0 flail and wearing a +0 robe (heavily wounded, fast, simulacrum, 78% to hit)
The stone arrow hits the nagaraja!
The nagaraja is severely wounded.
You feel sick.
You don't have enough magic to cast this spell.
You feel sick.
A naga comes into view. It is wielding a +0 battleaxe.
The nagaraja hits you with a +0 flail! The nagaraja misses you.
Unknown command.
You feel sick. The nagaraja hits you with a +0 flail! The nagaraja grabs you.
The nagaraja constricts you. The nagaraja spits poison at you.
The splash of poison hits you. You resist. The nagaraja constricts you.
* * * LOW HITPOINT WARNING * * *
Your magical contamination has completely faded away.
Unknown command.
Okay, then.
Okay, then.
You escape the nagaraja's grasp.
You feel sick.
Okay, then.
Unknown command.
You feel sick.
You are no longer poisoned.
The nagaraja hits you with a +0 flail!!
* * * LOW HITPOINT WARNING * * *
The nagaraja grabs you. The nagaraja constricts you.
* * * LOW HITPOINT WARNING * * *
The naga spits poison at you.
The splash of poison hits you but does no damage.
You resist. The nagaraja hits you with a +0 flail!!
You die...

,, .....** , , ,, , ,...
* , ...., , , , ,
....##### #.. * , , ,
,...#.....###.# * , , ,
, ....#......#.## , , ,
, #.#.........N##* ,
#.............##* , ,, ,
##...........#.N####...
##............##@..$.#
**,
..............###.#...#,
* * #.............#
##*...# * ,
#...............# ... ,
* #..............## * *
, , ,, .###...)..###.##
* ** ####.### ##.# , *
####..).## #..,** **
.........## *..** ,


You could see a nagaraja (fast, catching breath, simulacrum) and a naga.

Vanquished Creatures
  2 hydras
  An anaconda (Snake:3)
  A naga warrior (Snake:4)
  2 shock serpents
  A spriggan rider (Lair:4)
  Pikel (D:5)
  A mana viper (Snake:2)
  3 elephants (Lair:3)
  6 black mambas
  A naga mage (Snake:1)
  2 guardian serpents
  5 komodo dragons
  5 cane toads
  2 rime drakes (Lair:2)
  A troll (D:9)
  A polar bear (Lair:4)
  15 blink frogs
  Grinder (D:6)
  2 shadows
  13 yaks
  2 basilisks
  A steam dragon (D:5)
  6 nagas
  5 water moccasins
  2 orc warriors
  2 ice beasts
  2 black bears (D:6)
  A centaur (D:9)
  25 wolves
  3 ogres
  A phantom (D:6)
  3 lemures (D:5)
  Blork the orc (D:6)
  6 bullfrogs
  5 wights (D:6)
  An electric eel (Lair:4)
  2 hounds (D:6)
  2 jellies (D:6)
  4 orc priests
  7 iguanas
  4 orc wizards
  6 gnolls
  9 adders
  4 river rats (Sewer)
  A shadow imp (D:6)
  A white imp (D:5)
  3 worms
  18 orcs
  4 endoplasms
  3 giant cockroaches
  8 hobgoblins
  A jackal (D:4)
  2 kobolds
  A quokka (D:3)
  10 ball pythons
  4 bats
  2 frilled lizards (Sewer)
  2 goblins
  19 rats
249 creatures vanquished.

Vanquished Creatures (collateral kills)
  A hydra (Lair:4)
  3 elephants (Lair:3)
  2 black mambas (Snake:2)
  A komodo dragon (Lair:3)
  A rime drake (Lair:4)
  A blink frog (Lair:3)
  4 yaks (Lair:4)
  11 wolves
24 creatures vanquished.

Grand Total: 273 creatures vanquished

Notes
Turn   | Place    | Note
-------+----------+-------------------------------------------
     0 | D:1      | shadowrider38 the Meteoran Earth Elementalist began the
                  | quest for the Orb.
     0 | D:1      | Reached XP level 1. HP: 14/14 MP: 5/5
    37 | D:1      | Reached XP level 2. HP: 20/20 MP: 3/6
    41 | D:1      | Learned a level 2 spell: Passwall
    98 | D:2      | Reached skill level 3 in Spellcasting
   152 | D:2      | Reached XP level 3. HP: 26/26 MP: 6/8
   156 | D:2      | Learned a level 3 spell: Stone Arrow
   352 | D:4      | Reached XP level 4. HP: 20/33 MP: 3/10
   358 | D:4      | Noticed an ogre
   373 | D:4      | Killed an ogre
   374 | D:4      | Reached skill level 5 in Spellcasting
   374 | D:4      | Reached XP level 5. HP: 26/38 MP: 1/13
   476 | D:4      | Reached XP level 6. HP: 28/45 MP: 7/15
   537 | D:5      | Entered Level 5 of the Dungeon
   547 | D:4      | Reached skill level 6 in Spellcasting
   607 | D:5      | Noticed an ice beast
   619 | D:5      | Killed an ice beast
   620 | D:5      | Reached skill level 1 in Conjurations
   635 | D:5      | Found a glowing drain.
   677 | Sewer    | Entered a sewer
   735 | Sewer    | Reached XP level 7. HP: 50/50 MP: 12/17
   860 | Sewer    | Reached skill level 3 in Conjurations
   936 | D:4      | Reached skill level 7 in Spellcasting
  1136 | D:6      | Reached XP level 8. HP: 57/57 MP: 7/20
  1138 | D:6      | Reached skill level 6 in Earth Magic
  1185 | D:5      | Noticed Duvessa
  1185 | D:5      | Noticed Dowan
  1203 | D:6      | Reached skill level 8 in Spellcasting
  1203 | D:6      | Reached skill level 3 in Dodging
  1213 | D:6      | Noticed Grinder
  1215 | D:6      | Paralysed by Grinder for 4 turns
  1223 | D:6      | Killed Grinder
  1224 | D:6      | Reached skill level 9 in Spellcasting
  1275 | D:6      | Gained mutation: You passively map the area around you.
                  | [Meteoran growth]
  1275 | D:6      | Reached XP level 9. HP: 62/62 MP: 17/23
  1291 | D:6      | Reached skill level 10 in Spellcasting
  1297 | D:6      | Reached skill level 1 in Fighting
  1333 | D:6      | Noticed Blork the orc
  1343 | D:6      | Killed Blork the orc
  1380 | D:6      | Reached skill level 3 in Fighting
  1454 | D:5      | Reached skill level 11 in Spellcasting
  1595 | D:5      | Learned a level 4 spell: Petrify
  1688 | D:5      | Noticed Pikel
  1695 | D:5      | Killed Pikel
  1696 | D:5      | Reached XP level 10. HP: 59/78 MP: 4/26
  1949 | D:7      | Reached skill level 12 in Spellcasting
  1971 | D:7      | Found a staircase to the Ecumenical Temple.
  1976 | Temple   | Entered the Ecumenical Temple
  1997 | Temple   | Became a worshipper of Cheibriados the Contemplative
  2214 | D:10     | Entered Level 10 of the Dungeon
  2429 | D:9      | Found a staircase to the Lair.
  2434 | Lair:1   | Entered Level 1 of the Lair of Beasts
  2440 | Lair:1   | Noticed a komodo dragon
  2446 | Lair:1   | Killed a komodo dragon
  2468 | Lair:1   | Noticed a cane toad
  2470 | Lair:1   | Noticed a black mamba
  2472 | Lair:1   | Killed a cane toad
  2476 | Lair:1   | Killed a black mamba
  2477 | Lair:1   | Reached skill level 6 in Dodging
  2477 | Lair:1   | Reached skill level 13 in Spellcasting
  2492 | Lair:1   | Reached * piety under Cheibriados
  2495 | Lair:2   | Noticed a cane toad
  2500 | Lair:2   | Killed a cane toad
  2500 | Lair:2   | Noticed a cane toad
  2503 | Lair:2   | Reached XP level 11. HP: 83/84 MP: 14/29
  2506 | Lair:2   | Noticed an eight-headed hydra
  2527 | Lair:1   | Reached skill level 14 in Spellcasting
  2551 | Lair:2   | HP: 3/84 [eight-headed hydra (10)]
  2552 | Lair:2   | Killed an eight-headed hydra
  2625 | Lair:2   | Found a snail-covered altar of Cheibriados.
  2636 | Lair:2   | Reached skill level 9 in Dodging
  2679 | Lair:3   | Noticed a six-headed hydra
  2686 | Lair:3   | Killed a six-headed hydra
  2760 | Lair:3   | Reached ** piety under Cheibriados
  2774 | Lair:3   | Reached skill level 12 in Dodging
  2780 | Lair:3   | Reached XP level 12. HP: 58/91 MP: 0/31
  2874 | Lair:5   | Entered Level 5 of the Lair of Beasts
  2877 | Lair:5   | Noticed a catoblepas
  2887 | Lair:5   | Noticed Panli's ghost (journeyman CeHs)
  2914 | Lair:4   | Reached skill level 15 in Spellcasting
  2920 | Lair:4   | Reached skill level 1 in Necromancy
  2920 | Lair:4   | Reached skill level 1 in Ice Magic
  2957 | Lair:4   | Reached skill level 3 in Necromancy
  2957 | Lair:4   | Reached skill level 3 in Ice Magic
  2970 | Lair:4   | Reached *** piety under Cheibriados
  2998 | Lair:4   | You fall into a shaft and drop 1 floor!
  2999 | Lair:5   | Noticed a boulder beetle
  3064 | Lair:4   | Learned a level 6 spell: Simulacrum
  3136 | Lair:4   | Noticed an eight-headed hydra
  3148 | Lair:4   | Killed an eight-headed hydra
  3153 | Lair:4   | Reached **** piety under Cheibriados
  3154 | Lair:4   | Reached skill level 6 in Necromancy
  3154 | Lair:4   | Reached skill level 6 in Ice Magic
  3154 | Lair:4   | Reached XP level 13. HP: 58/96 MP: 3/33
  3165 | Lair:4   | Learned a level 7 spell: Ozocubu's Refrigeration
  3175 | Lair:5   | Noticed a five-headed hydra
  3368 | Lair:3   | Reached ***** piety under Cheibriados
  3381 | Lair:3   | Reached XP level 14. HP: 104/104 MP: 26/34
  3402 | Lair:3   | Reached skill level 1 in Invocations
  3415 | Lair:3   | Reached skill level 12 in Ice Magic
  3446 | Lair:3   | Reached skill level 3 in Invocations
  3690 | Lair:2   | Found a staircase to the Snake Pit.
  3704 | Snake:1  | Entered Level 1 of the Snake Pit
  3749 | Snake:2  | Noticed Saint Roka
  3774 | Snake:1  | Reached skill level 6 in Invocations
  3889 | Snake:2  | Identified the +1 dagger of the Crafting Sybil {flame,
                  | Stlth+}
  3970 | Snake:4  | Entered Level 4 of the Snake Pit
  4020 | Snake:4  | Reached skill level 9 in Invocations
  4033 | Snake:4  | Noticed a nagaraja
  4044 | Snake:4  | Slain by a nagaraja

Illustrated notes

Levels and vault maps discovered:
D:1:      matt_arrival_grand_opening, layout_basic
D:2:      layout_loops_ring, hellmonk_ecumenical_altar_defaced_shrine,
          minmay_joined_circles
D:3:      layout_loops_ring, kennysheep_cross_bottleneck, uniq_sigmund
D:4:      layout_cave_pods, minmay_box_of_dots
D:5:      layout_basic, cheibrodos_sewer_entry_drain, uniq_pikel, uniq_duvessa
D:6:      cheibrodos_helix_gallery, layout_basic, uniq_grinder,
          uniq_blork_the_orc
D:7:      layout_loops_ring, minmay_temple_entry_wispy, uniq_prince_ribbit1
D:8:      layout_loops_ring, uniq_gastronok, uniq_erica, uniq_maggie
D:9:      layout_roguey, lair_entry_dummy
D:10:     layout_basic, mainiacjoe_overflow_boulevard, uniq_snorg
Temple:   regret_index_temple_sigil_plot
Lair:1:   layout_chaotic_city, lemuel_fruit_tree, grunt_megastairs_4,
          uniq_amaemon
Lair:2:   layout_cave_pods, nicolae_shoals_entry_roost, dummy_snake_entry,
          basic_altar, special_room [special_room_bee], grunt_megastairs_3
Lair:3:   layout_cave_shapes, st_stairs_3, infiniplex_staircase_pool_2,
          serial_bayou_shore_b
Lair:4:   layout_cave_pods, st_stairs_7, nicolae_quartered_pool_medium,
          grunt_forest_large_clearings
Lair:5:   hangedman_lair_caniforms_friends, layout_hall_layers,
          guppyfry_lair_end_dragon, slime_entry_2, nzn_ghost_randoct
Snake:1:  layout_basic, minmay_shop_star
Snake:2:  layout_cave_pods, st_stairs_4, grunt_megastairs_1, minmay_shop_grove,
          uniq_saint_roka, uniq_azrael
Snake:3:  layout_onion, uniq_aizul
Snake:4:  snake_pit, layout_chambers

Skill      XL: |  1  2  3  4  5  6  7  8  9 10 11 12 13 14 |
---------------+-------------------------------------------+-----
Spellcasting   | 3 5 6 7 9 11 13 14 15 | 15.0
Earth Magic    | 4 5 6 8 |  8.0
Conjurations   | 2 4 |  4.0
Dodging        | 3 6 12 | 12.0
Fighting       | 4 |  4.0
Transmutations | 4 |  4.0
Necromancy     | 6 7 8 |  8.0
Ice Magic      | 6 11 12 | 12.2
Invocations    | 9 |  9.0
Stealth        | |  1.7

Action                     |  1- 3 |  4- 6 |  7- 9 | 10-12 | 13-15 || total
---------------------------+-------+-------+-------+-------+-------++-------
  Melee: Dagger            |     4 |       |     2 |    12 |    20 ||    38
         Long sword        |       |       |       |       |     2 ||     2
   Cast: Sandblast         |    36 |    42 |    53 |     3 |       ||   134
         Passwall          |     1 |       |     5 |    23 |     4 ||    33
         Stone Arrow       |       |     8 |    64 |   164 |    58 ||   294
         Simulacrum        |       |       |       |     5 |    33 ||    38
         Ozocubu's Refrige |       |       |       |       |    11 ||    11
  Evoke: Wand              |       |       |       |     9 |     1 ||    10
    Use: Scroll            |       |     1 |     4 |    10 |     5 ||    20
         Potion            |       |       |       |       |     1 ||     1
   Stab: Sleeping          |       |       |     1 |       |       ||     1
 Armour: Robe              |     4 |     8 |    30 |    56 |    32 ||   130
  Dodge: Dodged            |     5 |    20 |    53 |   195 |   122 ||   395
